 Dungeon Crawl Stone Soup version 0.27-a0-1302-g7736ffe575 (webtiles) character file.

Game seed: 2166955359354830394

11377 Froggeryz the Cleaver (level 11, -17/135 HPs)
             Began as a Barachi Berserker on June 18, 2021.
             Was a High Priest of Trog.
             Demolished by a komodo dragon (26 damage)
             ... on level 10 of the Dungeon.
             The game lasted 00:14:53 (13566 turns).

Froggeryz the Cleaver (Barachi Berserker)          Turns: 13566, Time: 00:14:54

Health: -17/135    AC: 16    Str: 22    XL:     11   Next: 76%
Magic:  11/11      EV:  8    Int:  8    God:    Trog [*****.]
Gold:   281        SH:  0    Dex: 11    Spells: 10/10 levels left

rFire    . . .     SeeInvis .   B - +6 hand axe of Trauma {freeze, rC++}
rCold    + + .     Faith    .   (no shield)
rNeg     + . .     Spirit   .   e - +0 chain mail
rPois    +         Reflect  .   G - +0 helmet
rElec    +         Harm     .   b - +0 cloak
rCorr    .         Rampage  .   (no gloves)
Will     .....                  (no boots)
Stlth    ..........             (no amulet)
HPRegen  0.32/turn              t - +4 ring of protection
MPRegen  0.12/turn              z - ring "Baobuu" {rElec rPois rN+}

@: berserking, quick
A: amphibious, slowness 1, strong legs 1, +LOS
a: Hop, Renounce Religion, Berserk, Trog's Hand, Brothers in Arms


You were on level 10 of the Dungeon.
You worshipped Trog.
Trog was extremely pleased with you.
You visited 1 branch of the dungeon, and saw 11 of its levels.

You collected 457 gold pieces.
You spent 176 gold pieces at shops.

Inventory:

Hand Weapons
 a - a +0 glaive of flaming
 B - the +6 hand axe of Trauma (weapon) {freeze, rC++}
   (You bought it in a shop on level 6 of the Dungeon)

   It has been specially enchanted to freeze those struck by it, causing extra
   injury to most foes and up to half again as much damage against particularly
   susceptible opponents.
   It can also slow down cold-blooded creatures.
   It greatly protects you from cold.
Missiles
 p - 6 throwing nets
 r - 15 poisoned darts (quivered)
Armour
 b - a +0 cloak (worn)
 e - a +0 chain mail (worn)
 f - a +0 buckler
 h - the +0 tower shield of Cistuigg {+Inv Str+4 Int+4}
   (You found it on level 5 of the Dungeon)

   It affects your strength (+4).
   It affects your intelligence (+4).
   It lets you turn invisible.
 G - a +0 helmet (worn)
Jewellery
 n - a ring of fire
 t - a +4 ring of protection (left hand)
 z - the ring "Baobuu" (right hand) {rElec rPois rN+}
   (You found it on level 6 of the Dungeon)

   [ring of positive energy]

   It insulates you from electricity.
   It protects you from poison.
   It protects you from negative energy.
Wands
 o - a wand of iceblast (1)
 w - a wand of paralysis (14)
 D - a wand of digging (4)
 F - a wand of mindburst (14)
Scrolls
 c - 6 scrolls of teleportation
 d - a scroll of noise
 l - a scroll of summoning
 m - a scroll of enchant weapon
 x - a scroll of immolation
 y - a scroll of fear
 C - a scroll of enchant armour
 I - a scroll of fog
Potions
 g - 2 potions of invisibility {unknown}
 i - 2 potions of cancellation {unknown}
 j - a potion of curing
 k - a potion of haste {unknown}
 q - 2 potions of lignification {unknown}
 s - 2 potions of heal wounds {unknown}
 u - a potion of mutation {unknown}
 v - a potion of might
 A - a potion of attraction {unknown}
 E - a potion of degeneration {unknown}


   Skills:
 - Level 10.0 Fighting
 + Level 14.9 Axes
 - Level 6.2 Armour
 - Level 2.1 Dodging
 * Level 8.1 Shields


You had 10 spell levels left.
You didn't know any spells.
Your spell library was empty.

Dungeon Overview and Level Annotations

Branches:
Dungeon (11/15)            Temple (0/1) D:6            Lair (0/6) D:10
    Orc (0/2) D:9

Altars:
Gozag
Hepliaklqana
Makhleb
Nemelex Xobeh
Sif Muna

Shops:
D:6 ?(([(

Annotations:
D:3 1 runed translucent door, leNuup's ghost, amateur HOFi


Innate Abilities, Weirdness & Mutations

You are amphibious.
You cover ground slowly.
You can hop short distances.
You have an extended range of vision and can be seen from far away.


Message History

You feel a bit more experienced.
You hit the black bear. You freeze the black bear.
Your Shields skill increases to level 8!
You slash the black bear! You freeze the black bear.
You kill the black bear!
Trog accepts your kill.
The komodo dragon bites you but does no damage.
There is a stone staircase leading down, spattered with blood here.
You see here a black bear corpse.
You barely miss the komodo dragon. You hit the komodo dragon.
You freeze the komodo dragon.
The komodo dragon is lightly wounded.
The komodo dragon bites you!!
You slash the komodo dragon!
The komodo dragon seems to slow down.
You freeze the komodo dragon.
The komodo dragon is heavily wounded.
You slash the komodo dragon! You freeze the komodo dragon.
The komodo dragon is almost dead.
The komodo dragon is no longer moving slowly.
The komodo dragon hisses menacingly.
The komodo dragon barely misses you.
You closely miss the komodo dragon.
The komodo dragon is almost dead.
The komodo dragon bites you!
You are too injured to fight recklessly!
You are too injured to fight recklessly!
You barely miss the komodo dragon.
The komodo dragon is almost dead.
Your chain mail prevents you from hitting the komodo dragon.
The komodo dragon is almost dead.
The komodo dragon bites you!!
* * * LOW HITPOINT WARNING * * *
You closely miss the komodo dragon.
The komodo dragon is almost dead.
Okay, then.
A red film seems to cover your vision as you go berserk!
You feel yourself moving faster!
You feel mighty!
An orc priest comes into view. It is wielding a +0 short sword.
The komodo dragon bites you!!
You die...

##. #..## #..
#....##
#..##......##
##..#........#
##.............
###..............
#................
.......)[........
.......l@........
.........[.PP....
........รท........
.......P..PP..P.P
....P....PPP..PP.
..##....PPPP.P..P
. #...PP.PP.PP..P
#.P.P.....P..P.


.o...PP.PPP>.PP You could see a komodo dragon and an orc priest (wandering).

Vanquished Creatures
  Harold (D:8)
  3 two-headed ogres
  An ugly thing (D:11)
  A gargoyle (D:11)
  An unseen horror (D:10)
  A komodo dragon (D:10)
  3 trolls
  Grinder (D:3)
  9 slime creatures
  A wraith (D:9)
  5 yaks (D:11)
  A basilisk (D:7)
  A steam dragon (D:8)
  A vampire mosquito (D:7)
  Menkaure (D:5)
  A warg (D:9)
  A water moccasin (D:5)
  5 orc warriors
  3 black bears
  An ice beast (D:6)
  A sky beast (D:7)
  2 ogres
  3 centaurs
  A phantom (D:6)
  5 bullfrogs
  2 wyvern zombies
  2 scorpions
  A water moccasin skeleton (D:7)
  4 wights (D:8)
  3 killer bees
  A howler monkey (D:9)
  A centaur zombie (D:8)
  3 hounds
  An orc priest (D:7)
  2 gnoll shamans
  2 jellies (D:6)
  A centaur skeleton (D:7)
  Crazy Yiuf (D:2)
  Ijyb (D:3)
  Natasha (thrice) (D:2)
  Terence (D:2)
  A bullfrog skeleton (D:7)
  2 iguanas
  6 orc wizards
  A killer bee zombie (D:8)
  A hound zombie (D:5)
  A howler monkey zombie (D:8)
  20 gnolls
  A howler monkey skeleton (D:7)
  5 adders
  A white imp (D:6)
  An adder skeleton (D:4)
  2 worms (D:3)
  3 dart slugs
  18 orcs
  11 ball pythons
  8 endoplasms
  A giant cockroach (D:3)
  10 hobgoblins
  5 jackals (D:4)
  5 bats
  5 frilled lizards
  7 goblins
  11 kobolds
  9 rats
218 creatures vanquished.

Vanquished Creatures (others)
  14 fungi (D:10)
  8 plants (D:10)
22 creatures vanquished.

Grand Total: 240 creatures vanquished

Notes
Turn   | Place    | Note
-------+----------+-------------------------------------------
     0 | D:1      | Froggeryz the Barachi Berserker began the quest for the
                  | Orb.
     0 | D:1      | Reached XP level 1. HP: 18/18 MP: 1/1
   429 | D:1      | Reached XP level 2. HP: 18/24 MP: 2/2
   513 | D:1      | Reached skill level 4 in Axes
   896 | D:1      | Reached XP level 3. HP: 5/29 MP: 3/3
  1497 | D:1      | Reached ** piety under Trog
  1858 | D:2      | Reached skill level 5 in Axes
  1858 | D:2      | Reached XP level 4. HP: 25/36 MP: 4/4
  2020 | D:2      | Found a runed translucent door.
  2021 | D:2      | Noticed Crazy Yiuf
  2047 | D:2      | Noticed Natasha
  2064 | D:2      | Killed Natasha
  2285 | D:2      | Killed Crazy Yiuf
  2286 | D:2      | Reached XP level 5. HP: 9/41 MP: 5/5
  2289 | D:2      | HP: 2/41 [poisoned by Crazy Yiuf]
  2586 | D:2      | Found a shimmering blue altar of Sif Muna.
  2592 | D:2      | Noticed Terence
  2660 | D:2      | Killed Terence
  2953 | D:2      | Noticed Natasha
  2970 | D:2      | Killed Natasha
  2971 | D:2      | Reached skill level 6 in Axes
  3689 | D:2      | Noticed Natasha
  3705 | D:2      | Killed Natasha
  3950 | D:3      | Noticed Grinder
  3952 | D:3      | Paralysed by Grinder for 4 turns
  3963 | D:3      | Paralysed by Grinder for 7 turns
  3973 | D:3      | Killed Grinder
  3974 | D:3      | Reached skill level 7 in Axes
  3974 | D:3      | Reached XP level 6. HP: 25/47 MP: 6/6
  4315 | D:3      | Reached skill level 5 in Armour
  4350 | D:3      | Found a burning altar of Makhleb.
  4545 | D:3      | Found a faded altar of an unknown god.
  4603 | D:3      | Noticed Ijyb
  4627 | D:3      | Killed Ijyb
  4628 | D:3      | Reached XP level 7. HP: 32/52 MP: 7/7
  4786 | D:3      | Found a runed translucent door.
  4787 | D:3      | Noticed leNuup's ghost (amateur HOFi)
  5044 | D:4      | Found an opulent altar of Gozag.
  5225 | D:4      | Reached *** piety under Trog
  5388 | D:4      | Reached skill level 8 in Axes
  5743 | D:4      | Found a sparkling altar of Nemelex Xobeh.
  6264 | D:5      | Entered Level 5 of the Dungeon
  6328 | D:5      | Identified the +0 tower shield of Cistuigg {+Inv Str+4
                  | Int+4}
  6442 | D:5      | Noticed Menkaure
  6462 | D:5      | Killed Menkaure
  6463 | D:5      | Reached XP level 8. HP: 23/59 MP: 8/8
  6858 | D:5      | Reached skill level 9 in Axes
  7472 | D:5      | Reached skill level 5 in Fighting
  7867 | D:6      | Found Orchous's Weapon Shoppe.
  7929 | D:6      | Found Moggaesy's Armour Shop.
  8146 | D:6      | Identified the ring "Baobuu" {rElec rPois rN+}
  8153 | D:6      | Found Axinnen's Magic Scroll Boutique.
  8172 | D:6      | Reached skill level 10 in Axes
  8213 | D:6      | Found a staircase to the Ecumenical Temple.
  8310 | D:6      | Found Enuor's Antique Weapon Emporium.
  8670 | D:6      | Reached XP level 9. HP: 63/69 MP: 9/9
  8806 | D:6      | Found Keqyran's Antique Weapon Boutique.
  8817 | D:6      | Bought a bloodstained hand axe for 176 gold pieces
  8817 | D:6      | Identified the +6 hand axe of Trauma {freeze, rC++} (You
                  | bought it in a shop on level 6 of the Dungeon)
  9381 | D:7      | Reached skill level 11 in Axes
 10087 | D:7      | Reached skill level 12 in Axes
 10125 | D:7      | Reached **** piety under Trog
 10194 | D:7      | Noticed a troll
 10194 | D:7      | Noticed a troll
 10195 | D:7      | Noticed a two-headed ogre
 10208 | D:7      | Reached XP level 10. HP: 81/81 MP: 10/10
 10211 | D:7      | Killed a two-headed ogre
 10212 | D:7      | Reached skill level 13 in Axes
 11310 | D:8      | Noticed Harold
 11326 | D:8      | Killed Harold
 11847 | D:9      | Found a staircase to the Orcish Mines.
 12013 | D:9      | Reached skill level 14 in Axes
 12058 | D:9      | Reached skill level 10 in Fighting
 12218 | D:9      | Found a hazy altar of Hepliaklqana.
 12245 | D:9      | Reached skill level 1 in Shields
 12359 | D:9      | Reached XP level 11. HP: 63/90 MP: 11/11
 12679 | D:9      | Noticed a two-headed ogre
 12691 | D:9      | Killed a two-headed ogre
 12692 | D:9      | Reached skill level 5 in Shields
 12746 | D:9      | You fall into a shaft and drop 2 floors!
 12747 | D:11     | Noticed a cyan ugly thing
 12753 | D:11     | Killed a cyan ugly thing
 12765 | D:11     | Noticed a two-headed ogre
 12776 | D:11     | Reached ***** piety under Trog
 12786 | D:11     | Killed a two-headed ogre
 13135 | D:10     | Entered Level 10 of the Dungeon
 13135 | D:10     | Found a staircase to the Lair.
 13566 | D:10     | Demolished by a komodo dragon

Illustrated notes

Levels and vault maps discovered:
D:1:      pf_arrival_petrified_forest, layout_loops_ring
D:2:      layout_loops_ring, basic_altar, glass_columns_b, grunt_ministairs_5,
          uniq_crazy_yiuf_cottage, uniq_terence, uniq_natasha
D:3:      layout_loops_cross, general_overflow_altar,
          ebering_ecumenical_altar_webs, gammafunk_ghost_grave, fountainhead,
          uniq_grinder, uniq_ijyb
D:4:      layout_gridville, nicolae_gozag_cash_rules_everything_around_me,
          nemelex_dance_club_becter
D:5:      layout_loops_ring, uniq_menkaure
D:6:      layout_basic, minmay_temple_entry_statues_pillars, serial_shops,
          nicolae_lakefront_shop, shop,
          nicolae_shop_competitors_out_of_business, kennysheep_mini, shop,
          abandoned_shop, kennysheep_donut
D:7:      minmay_chambers_of_sevens, layout_basic
D:8:      layout_layer_cave, uniq_harold
D:9:      layout_grid_maze, lemuel_crystal_altar, david_orc_3
D:10:     layout_cave_pods, jmf_multi_god_temple, tgw_kikubaaqudgha,
          gammafunk_temple_overflow_statue, due_lair_maze_entry_diamond
D:11:     layout_roguey

Skill      XL: |  1  2  3  4  5  6  7  8  9 10 11 |
---------------+----------------------------------+-----
Axes           | 4 5 7 8 10 12 14 | 14.9
Armour         | 3 4 5 6 |  6.2
Fighting       | 5 8 10 | 10.0
Shields        | 2 8 |  8.1
Dodging        | |  2.1

Action                   |  1- 3 |  4- 6 |  7- 9 | 10-12 || total
-------------------------+-------+-------+-------+-------++-------
Melee: Hand axe          |   100 |   152 |   434 |   233 ||   919
       Unarmed           |       |    13 |       |       ||    13
Throw: Dart              |       |       |     2 |     5 ||     7
Invok: Berserk           |     2 |     4 |     7 |     5 ||    18
       Trog's Hand       |       |     1 |     2 |       ||     3
 Abil: Hop               |       |       |     2 |       ||     2
Evoke: Wand              |       |       |     1 |     2 ||     3
  Use: Potion            |       |     2 |       |       ||     2
       Scroll            |       |       |     5 |     6 ||    11
 Stab: Sleeping          |     1 |       |       |       ||     1
       Paralysed         |       |       |       |     4 ||     4
Armor: Animal skin       |    15 |       |       |       ||    15
       Chain mail        |       |    68 |   217 |   114 ||   399
Dodge: Dodged            |    63 |    58 |   173 |    78 ||   372

Table legend: (Time is in decaauts)
 A = Elapsed time spent in this place.
 B = Non-inter-level travel time spent in this place.
 C = Inter-level travel time spent in this place.
 D = Time resting spent in this place.
 E = Time spent auto-exploring this place.
 F = Levels seen in this place.
 G = Mean time per level.
                   A        B        C        D        E       F      G
               +--------+--------+--------+--------+--------+-----+--------+
         Total |  14866 |  14162 |    704 |   3722 |   8350 |  11 | 1351.5 |
       Dungeon |  14866 |  14162 |    704 |   3722 |   8350 |  11 | 1351.5 |
               +--------+--------+--------+--------+--------+-----+--------+

Top non-repeatable levels by time:
     D:2: 2326 daAuts
     D:1: 1840 daAuts
     D:7: 1790 daAuts
     D:8: 1635 daAuts
     D:5: 1619 daAuts
     D:4: 1518 daAuts
     D:6: 1301 daAuts
     D:3: 1285 daAuts
    D:11: 767 daAuts
     D:9: 738 daAuts
    D:10: 42 daAuts
